 Dungeon Crawl Stone Soup version 0.29-a0-962-gc8bbfd0a37 (webtiles) character file.

Game seed: 664528953332303214

2109 zeratav the Grappler (level 9, -9/88 HPs)
             Began as a Troll Fighter on July 30, 2022.
             Was an Initiate of Ru.
             Mangled by a spriggan
             ... wielding a +0 trident
              (13 damage)
             ... in a bailey.
             The game lasted 00:07:50 (4010 turns).

zeratav the Grappler (Troll Fighter)                Turns: 4010, Time: 00:07:50

Health: -9/88      AC:  6    Str: 40    XL:     9   Next: 7%
Magic:  0/8        EV:  8    Int:  4    God:    Ru [......]
Gold:   378        SH:  7    Dex:  4    Spells: 8/8 levels left

rFire   . . .      SeeInvis .     - Unarmed
rCold   . . .      Faith    .   b - +0 kite shield
rNeg    + . .      Spirit   +   D - +2 robe of the Grape {rN+ Str+4 Dex-5 Archmagi}
rPois   .          Reflect  .   (helmet restricted)
rElec   .          Harm     .   (no cloak)
rCorr   .          Rampage  .   (gloves unavailable)
Will    +....      Archmagi +   (boots unavailable)
Stlth   +.........              g - amulet of guardian spirit
HPRegen 1.04/turn               t - ring of willpower
MPRegen 0.11/turn               k - +6 ring of strength

@: mighty
A: large, unfitting armour, claws 3, regeneration 1, shaggy fur 1, tough skin 1
a: Renounce Religion


You were in a bailey.
You worshipped Ru.
Ru was noncommittal.
You visited 2 branches of the dungeon, and saw 8 of its levels.
You also visited: Bailey.

You collected 391 gold pieces.
You spent 13 gold pieces at shops.


Innate Abilities, Weirdness & Mutations

You are too large for most types of armour.
You have claws for hands.
Your natural rate of healing is unusually fast.
You are covered in fur. (AC +1)
You have tough skin. (AC +1)


   Skills:
 + Level 5.0 Fighting
 + Level 5.0 Dodging
 + Level 5.5 Shields
 - Level 8.0 Unarmed Combat


You had 8 spell levels left.
You didn't know any spells.
Your spell library contained the following spells:

 Spells                   Type           Power      Damage    Failure   Level
 Shock                    Conj/Air       0%         1d3       77%         1
 Dazzling Flash           Conj/Hex       0%         N/A       98%         3
 Swiftness                Air            0%         N/A       98%         3
 Airstrike                Air            0%         0-1+      100%        4
 Iskenderun's Mystic Bla  Conj/Tloc      0%         2d3       100%        4
 Starburst                Conj/Fire      0%         6d3       100%        6

Inventory:

Missiles
 u - 3 poisoned darts (quivered) {throwing}
 B - 4 boomerangs {throwing}
 H - 6 javelins {throwing}
Armour
 a - a +0 robe
 b - a +0 kite shield (worn)
 D - the +2 robe of the Grape (worn) {rN+ Str+4 Dex-5 Archmagi}
   (You found it on level 6 of the Dungeon)

   Str:       It affects your strength (+4).
   Dex:       It affects your dexterity (-5).
   rN:        It protects you from negative energy.
   Archmagi:  It increases the power of your magical spells.
Jewellery
 g - an amulet of guardian spirit (around neck)
   (You found it on level 2 of the Dungeon)
 k - a +6 ring of strength (right claw)
   (You found it on level 4 of the Dungeon)
 n - a ring of positive energy
   (You found it on level 1 of the Dungeon)
 t - a ring of willpower (left claw)
   (You found it on level 3 of the Dungeon)
 v - a ring of ice
   (You found it on level 4 of the Dungeon)
 w - a ring of magical power
   (You found it on level 4 of the Dungeon)
 G - a ring of see invisible
   (You found it on level 6 of the Dungeon)
Wands
 x - a wand of flame (6)
   (You took it off Natasha on level 4 of the Dungeon)
Scrolls
 d - a scroll of acquirement {unknown}
 f - a scroll of torment {unknown}
 h - 2 scrolls of noise {unknown}
 i - 2 scrolls of enchant armour {unknown}
 j - a scroll of butterflies {unknown}
 o - a scroll of amnesia
 p - a scroll of enchant weapon
 r - 3 scrolls of immolation {unknown}
 y - a scroll of magic mapping {unknown}
 A - 2 scrolls of identify {@r1}
 I - a scroll of teleportation {unknown}
Potions
 e - 5 potions of curing {@q1}
 l - 3 potions of mutation {unknown}
 m - 5 potions of heal wounds {unknown}
 q - a potion of invisibility
 s - a potion of attraction {unknown}
 z - a potion of haste {unknown}
 C - a potion of berserk rage {unknown}
 E - a potion of cancellation {unknown}
 F - a potion of resistance {unknown}

Dungeon Overview and Level Annotations

Branches:
Dungeon (7/15) Zot: 26901  Temple (1/1) D:6 Zot: 5823  Bailey (1/1) Zot: 5865

Altars:
Ashenzari
Dithmenos
Elyvilon
Fedhas
Gozag
Hepliaklqana
Kikubaaqudgha
Makhleb
Okawaru
Qazlal
Ru
Sif Muna
Trog
Uskayaw
Vehumet
Wu Jian
Xom
Yredelemnul
Zin
The Shining One

Shops:
D:1 [!? D:3

:
##...........##
#....∩...∩....#
##...........##
##.........##
###≈≈≈≈≈###
#≈≈≈≈≈#
##≈≈≈≈≈##
##.......##
##i@.......#
##.O######♣..
##OO## ♣.
##.O## #.O##
#..♣ #..♣ #..#
#O.#


You could see 5 ogres and a spriggan.


Message History

You take 15 damage, and now have 58/79 hp.
You lost 1 mp, and now have 6/7 mp.
You mangle the spriggan!!
You kill the spriggan!
An ogre comes into view. It is wielding a +0 glaive.
HP[+1]
The ogre shouts!
You hear a shout!
An ogre comes into view. It is wielding a +0 halberd. x2
The spriggan hits you from afar with a +0 spear.
Things that are here:
a +0 trident {polearm}; a spriggan corpse HP[-3] MP[-1]
You take 3 damage, and now have 56/79 hp.
You lost 1 mp, and now have 5/7 mp.
The ogre shouts! x2; You hear an angry hiss.
You hear a shout!
The ogre hits you with a +0 halberd. You block the spriggan's attack.
The spriggan barely misses you.
You mangle the spriggan!! You block the spriggan's attack.
The spriggan hits you from afar with a +0 spear.
The ogre hits you but does no damage.
HP[-1]
You take 1 damage, and now have 55/79 hp.
You mangle the spriggan!!
You kill the spriggan!
A spriggan comes into view. It is wielding a +0 trident.
The ogre barely misses you.
An ogre comes into view. It is wielding a +0 glaive.
The spriggan hits you from afar with a +0 spear!
Your Fighting skill increases to level 5!
Your Dodging skill increases to level 5!
You have reached level 9!
Your experience leads to an increase in your attributes!
Your base attributes are Str 27, Int 4, Dex 9.
Increase (S)trength, (I)ntelligence, or (D)exterity?
You feel stronger. x3
HP[-8] MP[-1]
You now have 88 max hp (+9).
You block the ogre's attack.
Things that are here:
a +0 trident {polearm}; a spriggan corpse HP[+1]
The spriggan hits you from afar with a +0 spear.
HP[+1] MP[+1] HP[+1]
The spriggan drinks a potion.
The spriggan flickers and vanishes!
Deactivating autopickup; reactivate with Ctrl-A.
The spriggan hits you from afar with a +0 spear.
HP[-5]
You take 5 damage, and now have 45/88 hp.
The ogre hits you from afar with a +0 halberd.
* * * LOW HITPOINT WARNING * * *
HP[-4]
You take 4 damage, and now have 41/88 hp.
The spriggan hits you from afar with a +0 spear.
* * * LOW HITPOINT WARNING * * *
HP[-2]
You take 2 damage, and now have 39/88 hp.
You feel very mighty all of a sudden.
The spriggan hits you from afar with a +0 spear!
* * * LOW HITPOINT WARNING * * *
HP[-11] MP[-1]
You take 11 damage, and now have 28/88 hp.
You lost 1 mp, and now have 4/8 mp.
HP[+1] HP[+1]
You block the spriggan's attack.
HP[+1] HP[+1] MP[+1]
The spriggan hits you from afar with a +0 spear.
* * * LOW HITPOINT WARNING * * *
HP[-3]
You take 3 damage, and now have 29/88 hp.
HP[+1]
Things that are here:
a +0 halberd {polearm}; an ogre corpse; HP[+1]
Things that are here:
a +0 spear {polearm}; a spriggan corpse; HP[+1]
The spriggan hits you from afar with a +0 spear!
* * * LOW HITPOINT WARNING * * *
HP[-10] MP[-2]
You take 10 damage, and now have 22/88 hp.
You lost 2 mp, and now have 3/8 mp.
Something hits you but does no damage. You block the ogre's attack.
The spriggan hits you with a +0 spear!
* * * LOW HITPOINT WARNING * * *
Things that are here:
a +0 spear {polearm}; a spriggan corpse; HP[-7] MP[-1]
You take 7 damage, and now have 15/88 hp.
You lost 1 mp, and now have 2/8 mp.
You barely miss the spriggan. Something hits you!
* * * LOW HITPOINT WARNING * * *
The spriggan hits you with a +0 spear.
* * * LOW HITPOINT WARNING * * *
HP[-11] MP[-2]
You take 11 damage, and now have 4/88 hp.
You lost 2 mp, and now have 0/8 mp.
You closely miss the spriggan. The ogre misses you.
The ogre completely misses you. Something hits you!
You die...

Skill      XL: |  1  2  3  4  5  6  7  8 |
---------------+-------------------------+-----
Unarmed Combat | 3 4 5 6 8 |  8.0
Shields        | 3 5 |  5.5
Fighting       | 3 5 |  5.0
Dodging        | 3 5 |  5.0

Action                   |  1- 3 |  4- 6 |  7- 9 || total
-------------------------+-------+-------+-------++-------
Melee: Unarmed           |    93 |   126 |   118 ||   337
  Use: Scroll            |       |     3 |       ||     3
       Potion            |       |     1 |     1 ||     2
Armor: Robe              |    45 |    27 |    24 ||    96
Dodge: Dodged            |    41 |    33 |    48 ||   122
Block: Kite shield       |    33 |    29 |    42 ||   104

Levels and vault maps discovered:
D:1:      dpeg_arrival_ternary, layout_basic,
          dreamdust_ecumenical_altar_hidden_monk_grotto, serial_shops, shop,
          nicolae_shop_hallway_plus, shop
D:2:      layout_loops_cross, chequers_serial_rivers_micro_b
D:3:      layout_rooms, mainiacjoe_overflow_24_doors, serial_shops,
          shop_fountains, uniq_terence
D:4:      layout_rooms, uniq_natasha
D:5:      layout_rooms, nicolae_overflow_hallway_of_the_gods, elyvilon_altar_5,
          uniq_grinder
D:6:      layout_basic, minmay_temple_entry_fiery, uniq_sigmund,
          uniq_blork_the_orc
D:7:      layout_loops_cross, serial_co_window_serial,
          co_window_of_opportunity_a, co_window_corner_a,
          co_window_of_opportunity_a, co_window_paths_b,
          co_window_of_opportunity_a, co_window_paths_b,
          co_window_of_opportunity_b, co_window_unsneaky_path_d,
          co_window_paths_c, co_window_broadway_a, glass_columns_b,
          enter_bailey_3
Temple:   hellmonk_temple_forest_ring
Bailey:   bailey_polearm_enchanted_keep_hellmonk, bailey

Notes
Turn   | Place    | Note
-------+----------+-------------------------------------------
     0 | D:1      | zeratav the Troll Fighter began the quest for the Orb.
     0 | D:1      | Reached XP level 1. HP: 22/22 MP: 0/0
     0 | D:1      | magus.rc [v1.9.6]
   200 | D:1      | Found Soulom's Distillery.
   210 | D:1      | Bought a potion of degeneration for 13 gold pieces
   241 | D:1      | Reached XP level 2. HP: 25/29 MP: 1/1
   282 | D:1      | Reached skill level 3 in Unarmed Combat
   332 | D:1      | Found Ytugom's Antique Armour Shop.
   590 | D:1      | Found a faded altar of an unknown god.
   692 | D:1      | Found Jeonumm's Magic Scroll Boutique.
   834 | D:2      | You pick up a book of Spectacle and begin reading...
   834 | D:2      | You add the spells Dazzling Flash, Iskenderun's Mystic
                  | Blast and Starburst to your library.
   907 | D:2      | Reached XP level 3. HP: 36/36 MP: 2/2
  1084 | D:2      | Reached skill level 4 in Unarmed Combat
  1368 | D:2      | Reached XP level 4. HP: 44/44 MP: 3/3
  1403 | D:2      | Upgraded the game from 0.29-a0-925-g0a7a3d12f8 to
                  | 0.29-a0-962-gc8bbfd0a37
  1403 | D:2      | magus.rc [v1.9.6]
  1556 | D:3      | Found a bloodstained altar of Trog.
  1634 | D:3      | Found Qyzxotok's Book Shoppe.
  1747 | D:3      | Reached skill level 5 in Unarmed Combat
  1839 | D:3      | Noticed Terence
  1851 | D:3      | Killed Terence
  1852 | D:3      | Reached XP level 5. HP: 38/50 MP: 4/4
  2160 | D:4      | Noticed Natasha
  2163 | D:4      | Killed Natasha
  2164 | D:4      | Reached skill level 6 in Unarmed Combat
  2178 | D:4      | Noticed Natasha
  2184 | D:4      | Killed Natasha
  2314 | D:4      | Noticed Natasha
  2320 | D:4      | Killed Natasha
  2321 | D:4      | Reached XP level 6. HP: 55/59 MP: 5/5
  2396 | D:5      | Entered Level 5 of the Dungeon
  2404 | D:5      | Reached skill level 7 in Unarmed Combat
  2436 | D:5      | Found a white marble altar of Elyvilon.
  2463 | D:5      | Noticed Grinder
  2504 | D:5      | Killed Grinder
  2505 | D:5      | Reached skill level 8 in Unarmed Combat
  2505 | D:5      | Reached skill level 3 in Shields
  2505 | D:5      | Reached XP level 7. HP: 38/66 MP: 3/6
  2591 | D:5      | Reached skill level 3 in Fighting
  2591 | D:5      | Reached skill level 3 in Dodging
  2758 | D:5      | Found an iron altar of Okawaru.
  2762 | D:5      | Found a hide-covered altar of Uskayaw.
  2766 | D:5      | Found a broken altar of Ashenzari.
  2766 | D:5      | Found a glowing silver altar of Zin.
  2773 | D:5      | Found a shimmering blue altar of Sif Muna.
  2876 | D:6      | Noticed Sigmund
  2885 | D:6      | Reached XP level 8. HP: 62/75 MP: 4/7
  2896 | D:6      | Killed Sigmund
  2897 | D:6      | Reached skill level 4 in Shields
  3128 | D:6      | Identified the +2 robe of the Grape {rN+ Str+4 Dex-5
                  | Archmagi}
  3209 | D:6      | Found a staircase to the Ecumenical Temple.
  3225 | Temple   | Entered the Ecumenical Temple
  3390 | Temple   | Became a worshipper of Ru the Awakened
  3466 | D:6      | Reached skill level 4 in Fighting
  3468 | D:6      | Reached skill level 4 in Dodging
  3507 | D:6      | Noticed Blork the orc
  3512 | D:6      | Killed Blork the orc
  3841 | D:7      | You pick up a book of Air and begin reading...
  3841 | D:7      | You add the spells Shock, Swiftness and Airstrike to your
                  | library.
  3867 | D:7      | Found a flagged portal.
  3878 | Bailey   | Entered a bailey
  3907 | Bailey   | Reached skill level 5 in Shields
  3908 | Bailey   | HP: 17/79 [ogre/+0 halberd (18)]
  3991 | Bailey   | Reached skill level 5 in Fighting
  3991 | Bailey   | Reached skill level 5 in Dodging
  3991 | Bailey   | Reached XP level 9. HP: 47/88 MP: 4/8
  4007 | Bailey   | HP: 22/88 [spriggan/+0 spear (11)]
  4009 | Bailey   | HP: 8/88 [something (9)]
  4010 | Bailey   | Mangled by a spriggan

Vanquished Creatures
  Grinder (D:5)
  Sigmund (D:6)
  3 spriggans (Bailey)
  3 ogres
  A centaur (D:5)
  A bullfrog (D:6)
  Blork the orc (D:6)
  A necrophage (D:6)
  3 scorpions (D:5)
  A howler monkey (D:6)
  A jelly (D:5)
  A hound (D:6)
  An orc priest (D:5)
  Terence (D:3)
  5 iguanas
  Natasha (thrice) (D:4)
  An orc wizard (D:3)
  5 adders
  4 gnolls (D:6)
  A shadow imp (D:6)
  2 white imps
  2 ufetubi
  11 orcs
  3 endoplasms
  3 giant cockroaches
  11 goblins
  6 hobgoblins
  9 jackals
  8 quokkas
  7 ball pythons
  5 bats
  2 frilled lizards
  7 kobolds
  7 rats
122 creatures vanquished.

Table legend:
 A = Non-vault XP
 B = Vault XP
 C = Vault XP percentage of total XP
 D = Non-vault monster count
 E = Vault monster count
 F = Vault count percentage of total count
                 A         B        C        D         E       F
            +---------+---------+-------+---------+---------+-------
      Total |    1434 |    1580 |  52.4 |     108 |      14 |  11.5
            +---------+---------+-------+---------+---------+-------
        D:1 |      38 |       0 |   0.0 |      25 |       0 |   0.0
        D:2 |      62 |       0 |   0.0 |      21 |       0 |   0.0
        D:3 |      99 |      36 |  26.7 |      20 |       1 |   4.8
        D:4 |     110 |      35 |  24.1 |       5 |       1 |  16.7
        D:5 |     694 |     286 |  29.2 |      22 |       1 |   4.3
        D:6 |     413 |     317 |  43.4 |      13 |       2 |  13.3
        D:7 |      18 |       8 |  30.8 |       2 |       4 |  66.7
     Bailey |       0 |     898 | 100.0 |       0 |       5 | 100.0
            +---------+---------+-------+---------+---------+-------

Illustrated notes

Table legend:
 A = Kills in this place as a percentage of kills in entire the game.
 B = Kills by you in this place as a percentage of kills by you in the entire game.
 C = Kills by friends in this place as a percentage of kills by friends in the entire game.
 D = Other kills in this place as a percentage of other kills in the entire game.
 E = Experience gained in this place as a percentage of experience gained in the entire game.
 F = Experience gained in this place divided by the number of levels of this place that you have seen.
                   A       B       C       D       E      F
               +-------+-------+-------+-------+-------+----------------------
         Total | 100.0 | 100.0 |   N/A |   N/A | 100.0 | 334.9
       Dungeon |  95.9 |  95.9 |   N/A |   N/A |  70.2 | 302.3
        Bailey |   4.1 |   4.1 |   N/A |   N/A |  29.8 | 898.0
               +-------+-------+-------+-------+-------+----------------------

Table legend: (Time is in decaauts)
 A = Elapsed time spent in this place.
 B = Non-inter-level travel time spent in this place.
 C = Inter-level travel time spent in this place.
 D = Time resting spent in this place.
 E = Time spent auto-exploring this place.
 F = Levels seen in this place.
 G = Mean time per level.
                   A        B        C        D        E       F      G
               +--------+--------+--------+--------+--------+-----+--------+
         Total |   4023 |   3844 |    179 |     58 |   2995 |   9 |  447.0 |
       Dungeon |   3713 |   3566 |    147 |      0 |   2832 |   7 |  530.4 |
        Temple |    176 |    145 |     31 |      0 |    135 |   1 |  176.0 |
        Bailey |    133 |    133 |      0 |     58 |     28 |   1 |  133.0 |
               +--------+--------+--------+--------+--------+-----+--------+

Top non-repeatable levels by time:
     D:1: 813 daAuts
     D:6: 735 daAuts
     D:2: 619 daAuts
     D:3: 543 daAuts
     D:5: 472 daAuts
     D:4: 430 daAuts
  Temple: 176 daAuts
  Bailey: 133 daAuts
     D:7: 99 daAuts
